 Dungeon Crawl Stone Soup version 0.17-a0-1373-g64d4c99 (webtiles) character file.

399 nuthulu the Covered (level 6, 0/37 HPs)
             Began as a Gargoyle Fighter on June 13, 2015.
             Was an Initiate of Okawaru.
             Slain by an orc warrior
             ... wielding a +0 scimitar
              (11 damage)
             ... on level 5 of the Dungeon.
             The game lasted 00:12:23 (4562 turns).

nuthulu the Covered (Gargoyle Fighter)              Turns: 4562, Time: 00:12:23

Health: 0/37       AC: 18    Str: 21    XL:     6   Next: 84%
Magic:  6/6        EV:  4    Int:  9    God:    Okawaru [......]
Gold:   247        SH:  9    Dex:  9    Spells: 0 memorised, 5 levels left

rFire  . . .     SeeInvis .     a - +0 war axe
rCold  . . .     Clarity  .     y - +0 plate armour
rNeg   + . .     SustAt   .     c - +0 shield
rPois  ∞         Gourm    .     (no helmet)
rElec  +         Spirit   .     (no cloak)
rCorr  .         Warding  .     q - +0 pair of gloves
rMut   .         Stasis   .     (no boots)
MR     .....                    (no amulet)
Stlth  ..........               (no ring)
                                (no ring)

@: very slightly contaminated, hasted, very quick, not resistant to hostile
enchantments, extremely unstealthy
A: negative energy resistance 1, electricity resistance, unbreathing,
petrification resistance, rot immunity, AC +4
a: Renounce Religion


You were on level 5 of the Dungeon.
You worshipped Okawaru.
Okawaru was noncommittal.
You were not hungry.

You visited 2 branches of the dungeon, and saw 7 of its levels.

You collected 247 gold pieces.

Inventory:

Hand weapons
 a - a +0 war axe (weapon)
Missiles
 n - a throwing net (quivered)
Armour
 b - a +0 scale mail
 c - a +0 shield (worn)
 q - a +0 pair of gloves (worn)
 y - a +0 plate armour (worn)
Jewellery
 s - an uncursed ring of teleportation
 v - an uncursed ring of flight
Scrolls
 f - 5 scrolls of remove curse
 g - a scroll of enchant weapon {unknown}
 h - a scroll of noise
 i - a scroll of teleportation
 j - a scroll of fear {unknown}
 m - a scroll of magic mapping {unknown}
 r - a scroll of blinking {unknown}
 t - 2 scrolls of fog
 u - a scroll of enchant armour {unknown}
 B - a scroll of recharging {unknown}
 C - a scroll of identify
Potions
 d - a potion of might
 l - 3 potions of curing
 p - a potion of haste
 w - 2 potions of flight
 z - a potion of heal wounds {unknown}
Comestibles
 e - 3 bread rations
 k - 3 fruits
 o - 3 meat rations
 x - a beef jerky
 A - a slice of pizza


   Skills:
 - Level 3.3 Fighting
 * Level 4.8 Axes
 * Level 6.0 Armour
 - Level 3.2 Shields


You had 5 spell levels left.
You didn't know any spells.

Dungeon Overview and Level Annotations

Branches:
Dungeon (6/15)             Temple (1/1) D:5

Altars:
Cheibriados
Dithmenos
Elyvilon
Gozag
Kikubaaqudgha
Okawaru
Qazlal
Ru
Sif Muna
Trog
Vehumet
Xom
Yredelemnul
The Shining One
Lugonu


Innate Abilities, Weirdness & Mutations

You are resistant to torment.
Your stone body is resilient (AC +4).
You are immune to poison.
You resist negative energy.
You are resistant to electric shocks.
You can survive without breathing.
You are immune to petrification.
You are immune to rotting.


Message History

You hit the orc warrior but do no damage.
The orc warrior is severely wounded.
You block the orc warrior's attack.
You closely miss the orc warrior.
The orc warrior is severely wounded.
The orc warrior hits you with a scimitar.
* * * LOW HITPOINT WARNING * * *
You hit the orc warrior.
The orc warrior is severely wounded.
You block the orc warrior's attack.
You barely miss the orc warrior.
The orc warrior is severely wounded.
You block the orc warrior's attack.
Drink which item? (? for menu, Esc to quit)
You feel yourself speed up. You block the orc warrior's attack.
You are very lightly contaminated with residual magic.
You closely miss the orc warrior.
The orc warrior is severely wounded.
The orc warrior hits you with a scimitar!
You die...

##### ######### ###...##
#.......# .#.....## ##.#####.#
........# #......#.#### ........#
###..#........# ........#
#......#.#....###### .#.....##
#.#..###.#.......... .##...##
#.#o.###.#....###### .###.##
#.#@.....#.#.## # ####.######
#.##.......#.# # #........#
#.##########.# # #.#.####.# #.#
##'## # #.#.## #.# ##.# ##...## #
##.#..###.###..## ##.....## #
#.............#.## ##.......## #
......#...#......####.........###
......#.⌠.#.........+.........'..


You could see an orc warrior.

Vanquished Creatures
  The ghost of Kugnar the Grave Robber, a weakling DDNe of Yredelemnul (D:3)
  A hound (D:4)
  An orc priest (D:4)
  2 iguanas
  4 gnolls (D:2)
  10 adders
  An ooze (D:2)
  4 worms
  5 orcs
  A ball python (D:2)
  13 hobgoblins
  3 jackals (D:1)
  10 kobolds
  2 quokkas
  8 bats
  5 giant cockroaches
  3 giant geckos
  2 giant gecko skeletons
  12 goblins
  7 rats
95 creatures vanquished.

Vanquished Creatures (others)
  5 toadstools (D:1)
5 creatures vanquished.

Grand Total: 100 creatures vanquished

Notes
Turn   | Place    | Note
--------------------------------------------------------------
     0 | D:1      | nuthulu the Gargoyle Fighter began the quest for the Orb.
     0 | D:1      | Reached XP level 1. HP: 14/14 MP: 1/1
    55 | D:1      | Reached XP level 2. HP: 19/19 MP: 2/2
   610 | D:1      | Reached XP level 3. HP: 21/23 MP: 3/3
   806 | D:2      | Found a faded altar to an unknown god.
   836 | D:2      | Reached skill level 4 in Armour
   926 | D:2      | Reached XP level 4. HP: 20/28 MP: 4/4
  1368 | D:2      | Reached XP level 5. HP: 32/32 MP: 5/5
  1789 | D:3      | Found a bloodstained altar of Trog.
  1840 | D:3      | Reached skill level 5 in Armour
  1879 | D:3      | Noticed Kugnar's ghost (weakling DDNe)
  1890 | D:3      | Killed Kugnar's ghost
  2600 | D:3      | Reached XP level 6. HP: 37/37 MP: 6/6
  2736 | D:4      | Found a basalt altar of Yredelemnul.
  3056 | D:4      | Found an opulent altar of Gozag.
  3056 | D:4      | Found a deep blue altar of Sif Muna.
  3793 | D:5      | Entered Level 5 of the Dungeon
  3869 | D:5      | Found a staircase to the Ecumenical Temple.
  3878 | Temple   | Entered the Ecumenical Temple
  3933 | D:5      | Reached skill level 6 in Armour
  4322 | D:5      | Found an iron altar of Okawaru.
  4331 | D:5      | Became a worshipper of Warmaster Okawaru
  4562 | D:5      | Slain by an orc warrior

Vault maps used:
D:1:      ldierk_walled_garden
D:2:      ecumenical_altar_2, first_bread
D:3:      bloody_trog
D:4:      gammafunk_temple_overflow_wave, yredelemnul_altar_generic
D:5:      lemuel_crystal_altar, minmay_temple_entry_junction2
D:6:      kennysheep_mini
Temple:   corrupted_temple

Action                   |  1- 3 |  4- 6 || total
-------------------------+-------+-------++-------
Melee: War axe           |   117 |   311 ||   428
  Use: Scroll            |     3 |     8 ||    11
       Potion            |       |     4 ||     4
  Eat: Chunk             |       |    10 ||    10
       Bread ration      |       |     1 ||     1
